 Dungeon Crawl Stone Soup version 0.29.1-12-g30fa7ad0bf (webtiles) character file.

Game seed: 1759582745155250927

2065 javelincjr the Thaumaturge (level 9, -13/47 HPs)
             Began as a Deep Elf Conjurer on Jan 5, 2023.
             Was a Follower of Sif Muna.
             Mangled by Grum
             ... wielding a -1 halberd of venom
              (19 damage)
             ... on level 9 of the Dungeon.
             The game lasted 00:45:17 (7569 turns).

javelincjr the Thaumaturge (Deep Elf Conjurer)      Turns: 7569, Time: 00:45:19

Health: -13/47     AC:  7    Str:  8    XL:     9   Next: 5%
Magic:  16/25      EV: 17    Int: 30    God:    Sif Muna [*.....]
Gold:   603        SH:  0    Dex: 13    Spells: 25/28 levels left

rFire   + + +      SeeInvis +   p - +7 quarterstaff "Bufyn" {venom, *Slow rF++ Will+ SInv}
rCold   + . .      Faith    .   (shield currently unavailable)
rNeg    . . .      Spirit   .   M - +2 robe {rC+ rF+}
rPois   .          Reflect  .   (no helmet)
rElec   .          Harm     .   (no cloak)
rCorr   .          Rampage  .   d - +2 pair of gloves
Will    +....                   (no boots)
Stlth   +++.......              (no amulet)
HPRegen 0.15/turn               C - +4 ring of evasion
MPRegen 0.19/turn               A - +6 ring of intelligence

@: no status effects
A: no striking features
a: Renounce Religion, Channel Magic


You were on level 9 of the Dungeon.
You worshipped Sif Muna.
Sif Muna was aware of your devotion.
You visited 2 branches of the dungeon, and saw 9 of its levels.
You also visited: Ossuary.

You collected 603 gold pieces.

Inventory:

Hand Weapons
 l - a +0 dagger of freezing
 p - the +7 quarterstaff "Bufyn" (weapon) {venom, *Slow rF++ Will+ SInv}
   (You took it off a kobold brigand on level 7 of the Dungeon)

   It poisons the flesh of those it strikes.
   rF:        It greatly protects you from fire.
   SInv:      It lets you see invisible.
   *Slow:     It may slow you when you take damage.
   Will:      It increases your willpower.
 v - a +0 dagger of draining
 G - a +3 short sword
 H - a +3 short sword of venom
 J - a +0 short sword of draining
 N - a +0 long sword of holy wrath
Missiles
 h - 84 stones
 o - 14 poisoned darts
 q - 5 boomerangs
 r - 4 javelins
 u - a curare-tipped dart
Armour
 d - a +2 pair of gloves (worn)
 f - a +1 scale mail of positive energy
 M - a +2 robe of resistance (worn)
Jewellery
 m - a ring of fire
 A - a +6 ring of intelligence (right hand)
 C - a +4 ring of evasion (left hand)
Wands
 t - a wand of flame (17)
 w - a wand of paralysis (4)
 y - a wand of digging (6)
 K - a wand of polymorph (8)
Scrolls
 a - a scroll of fear {unknown}
 e - 4 scrolls of identify
 i - 4 scrolls of amnesia
 n - a scroll of enchant weapon
 x - 2 scrolls of fog
 z - 2 scrolls of noise {unknown}
 D - a scroll of summoning
 I - a scroll of teleportation {unknown}
Potions
 b - 3 potions of magic
 c - 8 potions of curing
 g - 4 potions of might
 j - 3 potions of brilliance
 k - 2 potions of flight
 s - 2 potions of heal wounds


   Skills:
 + Level 1.1 Fighting
 + Level 0.6 Short Blades
 + Level 0.8 Staves
 + Level 2.9 Ranged Weapons
 + Level 3.8 Dodging
 + Level 5.6 Stealth
 + Level 10.1 Spellcasting
 + Level 9.1 Conjurations


You had 25 spell levels left.
You knew the following spells:

 Your Spells              Type           Power      Damage    Failure   Level
a - Magic Dart            Conj           100%       1d8       1%          1
b - Searing Ray           Conj           100%       2d8       1%          2

Your spell library contained the following spells:

 Spells                   Type           Power      Damage    Failure   Level
 Dazzling Flash           Conj/Hex       84%        N/A       1%          3
 Fulminant Prism          Conj/Hex       21%        3d13      5%          4
 Iskenderun's Mystic Bla  Conj/Tloc      42%        2d10      5%          4
 Passage of Golubria      Tloc           15%        N/A       34%         4
 Silence                  Hex/Air        7%         N/A       67%         5
 Lehudib's Crystal Spear  Conj/Erth      21%        10d6      100%        8


Dungeon Overview and Level Annotations

Branches:
Dungeon (9/15)             Temple (1/1) D:6         Ossuary (visited)
   Lair: D:8-11         Orc: D:9-12

Altars:
Ashenzari
Cheibriados
Dithmenos
Fedhas
Gozag
Hepliaklqana
Makhleb
Okawaru
Qazlal
Ru
Sif Muna
Trog
Uskayaw
Vehumet
Wu Jian
Xom
Yredelemnul
Zin
The Shining One

Shops:
D:1 *   D:4 :

Annotations:
D:5 Grinder
D:9 Grum


Message History

The wolf is heavily wounded.
The wolf closely misses you. The wolf bites you but does no damage.
The wolf closely misses you. The wolf misses you. The wolf barely misses you.
The wolf bites you.
The searing ray hits the wolf.
The wolf is heavily wounded.
The searing ray hits Grum!
Grum is moderately wounded.
The wolf bites you but does no damage. x2; The wolf bites you.
The wolf barely misses you. The wolf closely misses you. x2
The searing ray hits the wolf!
You kill the wolf!
Sif Muna accepts your kill.
The searing ray hits Grum.
Grum is moderately wounded.
You finish channelling your searing ray.
The wolf barely misses you. The wolf completely misses you.
Grum closely misses you. The wolf misses you.
The wolf bites you but does no damage. The wolf bites you.
Casting: Searing Ray (safe; 1% risk of failure)
Confirm with . or Enter, or press ? or * to list all spells.
Aiming: Searing Ray (safe; 1% risk of failure)
Press: ? - help, Shift-Dir - straight line, f - Grum
Aim: Grum, wielding a -1 halberd of venom and wearing a +0 animal skin (moderately wounded, 85% to hit)
The searing ray hits the wolf!
The wolf is heavily wounded.
The searing ray hits Grum.
Grum is moderately wounded. (Press . to maintain the ray.)
The wolf bites you!
* * * LOW HITPOINT WARNING * * *
The wolf barely misses you. Grum misses you. The wolf barely misses you. x2
The searing ray hits the wolf.
The wolf is heavily wounded.
The searing ray hits Grum!
Grum is severely wounded.
The wolf closely misses you. The wolf bites you.
* * * LOW HITPOINT WARNING * * *
Grum hits you from afar with a -1 halberd of venom!!
You die...

#.#.#
#...##########
#...#........
#............
#...†.....#
......##.†....#
..... #†g....#
...g #hh....#
... #.@....# ..
#......# .
#......#
#......#
#.....##
#.....# #.....#
#....!#
..........#


You could see Grum and 2 wolves.

Vanquished Creatures
  Pikel (D:5)
  A wyvern (D:9)
  A sky beast (D:7)
  2 wolves (D:9)
  A centaur (D:6)
  3 lemures (D:5)
  2 kobold brigands
  A bullfrog (D:7)
  2 necrophages (D:7)
  A howler monkey (D:4)
  A bullfrog zombie (D:7)
  3 hounds
  2 orc priests
  A jelly (D:7)
  7 orc wizards
  8 mummies (Ossuary)
  3 gnolls (D:3)
  8 adders
  A white imp (D:6)
  2 ufetubi
  2 worms
  5 dart slugs
  22 orcs
  10 ball pythons
  14 endoplasms
  4 giant cockroaches
  2 gnoll zombies (Ossuary)
  6 goblins
  7 hobgoblins
  8 jackals
  18 kobolds
  6 quokkas
  7 bats
  6 frilled lizards
  A hobgoblin zombie (Ossuary)
  2 kobold zombies (Ossuary)
  3 orc zombies (Ossuary)
  5 rats
179 creatures vanquished.

Vanquished Creatures (others)
  A bush (D:7)
  13 plants (D:7)
14 creatures vanquished.

Grand Total: 193 creatures vanquished

Notes
Turn   | Place    | Note
-------+----------+-------------------------------------------
     0 | D:1      | javelincjr the Deep Elf Conjurer began the quest for the
                  | Orb.
     0 | D:1      | Reached XP level 1. HP: 10/10 MP: 6/6
   184 | D:1      | Reached XP level 2. HP: 15/15 MP: 2/8
   331 | D:1      | Learned a level 2 spell: Searing Ray
   418 | D:1      | Reached skill level 5 in Conjurations
   703 | D:1      | Reached XP level 3. HP: 19/19 MP: 6/9
   738 | D:1      | Found Zuoxucho's General Store.
  1267 | D:2      | Reached XP level 4. HP: 24/24 MP: 7/11
  1510 | D:2      | Noticed a golden eye
  1512 | D:2      | Found a faded altar of an unknown god.
  1514 | D:2      | Noticed a great orb of eyes
  1517 | D:2      | Noticed an eye of devastation
  1517 | D:2      | Noticed a golden eye
  1838 | D:3      | Reached skill level 4 in Spellcasting
  2399 | D:3      | Reached XP level 5. HP: 26/28 MP: 8/13
  2404 | D:3      | Reached skill level 1 in Ranged Weapons
  2744 | D:4      | Found Irusynan's Book Boutique.
  2994 | D:4      | Reached skill level 5 in Spellcasting
  3078 | D:4      | Reached XP level 6. HP: 28/33 MP: 6/15
  3359 | D:4      | Found a snail-covered altar of Cheibriados.
  3732 | D:4      | Found an iron altar of Okawaru.
  3906 | D:4      | Found a sacrificial altar of Ru.
  3907 | D:4      | Found a shimmering blue altar of Sif Muna.
  3911 | D:4      | Became a worshipper of Sif Muna the Loreminder
  4103 | D:5      | Entered Level 5 of the Dungeon
  4177 | D:5      | Noticed Pikel
  4304 | D:5      | Killed Pikel
  4305 | D:5      | Reached skill level 7 in Spellcasting
  4305 | D:5      | Reached XP level 7. HP: 30/37 MP: 8/19
  4783 | D:5      | Noticed Grinder
  4793 | D:6      | Reached skill level 8 in Spellcasting
  4797 | D:6      | Found a sand-covered staircase.
  4819 | Ossuary  | Entered an ossuary
  4990 | Ossuary  | Reached XP level 8. HP: 42/42 MP: 16/22
  5465 | D:6      | Reached * piety under Sif Muna
  6028 | D:6      | Reached skill level 5 in Stealth
  6289 | D:6      | Found a staircase to the Ecumenical Temple.
  6353 | Temple   | Entered the Ecumenical Temple
  6622 | D:7      | Reached skill level 9 in Spellcasting
  6681 | D:7      | Reached skill level 1 in Fighting
  6781 | D:7      | Found a burning altar of Makhleb.
  6887 | D:7      | Found a hazy altar of Hepliaklqana.
  6896 | D:7      | Found a bloodstained altar of Trog.
  7028 | D:7      | Found a blossoming altar of Fedhas.
  7061 | D:7      | Identified the +7 quarterstaff "Bufyn" {venom, *Slow rF++
                  | Will+ SInv}
  7498 | D:7      | You fall into a shaft and drop 2 floors!
  7516 | D:9      | Reached skill level 10 in Spellcasting
  7555 | D:9      | Noticed Grum
  7561 | D:9      | Reached XP level 9. HP: 38/47 MP: 23/25
  7569 | D:9      | Mangled by Grum

Illustrated notes

Levels and vault maps discovered:
D:1:      minmay_arrival_diagonal_passages, layout_rooms, serial_shops,
          nicolae_diamond_shop, minmay_tripent
D:2:      layout_rooms, hellmonk_ecumenical_altar_watching_god, kennysheep_nub
D:3:      layout_rooms
D:4:      layout_loops_ring, cheibriados_altar_1, kennysheep_mini_moat,
          gammafunk_temple_overflow_statue, serial_shops, shop
D:5:      layout_basic, uniq_grinder, uniq_pikel
D:6:      layout_basic, minmay_temple_entry_poolview,
          nicolae_ossuary_entry_false_entrances
D:7:      layout_loops_ring, fedhas_altar_decomposition,
          mainiacjoe_overflow_swirl, nicolae_overflow_crystal_walls
D:9:      hangedman_screamer, layout_irregular_city,
          nemelex_xobeh_ov_fountains_minmay, orc_0_dummy, roderic_lattice_a,
          minmay_misc_feat_tower, uniq_grum
Temple:   nicolae_temple_bog_church

Skill      XL: |  1  2  3  4  5  6  7  8 |
---------------+-------------------------+-----
Conjurations   | 5 6 7 9 |  9.1
Spellcasting   | 4 5 7 8 10 | 10.1
Stealth        | 3 4 5 |  5.6
Ranged Weapons | 2 |  2.9
Dodging        | 3 |  3.8
Fighting       | 1 |  1.1
Short Blades   | |  0.6
Staves         | |  0.8

Action                   |  1- 3 |  4- 6 |  7- 9 || total
-------------------------+-------+-------+-------++-------
Melee: Spear             |     5 |     1 |       ||     6
       Dagger            |       |     4 |       ||     4
       Quarterstaff      |       |       |    18 ||    18
       Short sword       |       |       |     3 ||     3
 Fire: Sling             |       |    16 |       ||    16
 Cast: Magic Dart        |    69 |    86 |    79 ||   234
       Searing Ray       |     2 |    36 |    34 ||    72
  Use: Scroll            |       |    10 |     8 ||    18
 Stab: Sleeping          |     2 |       |     1 ||     3
Armor: Robe              |     4 |     8 |    19 ||    31
Dodge: Dodged            |     5 |    21 |    66 ||    92
